 Dungeon Crawl Stone Soup version 0.30-a0-737-gf23d94013f (webtiles) character file.

Game seed: 7337773881660166869

34 jimonade the Cutter (level 3, -3/18 HPs)
             Began as a Vine Stalker Gladiator on Feb 1, 2023.
             Killed by divine providence
             ... invoked by an orc priest
              (10 damage)
             ... on level 2 of the Dungeon.
             The game lasted 00:02:04 (622 turns).

jimonade the Cutter (Vine Stalker Gladiator)         Turns: 622, Time: 00:02:04

Health: -3/18      AC:  4    Str: 16    XL:     3   Next: 31%
Magic:  0/4        EV: 12    Int:  8    God:
Gold:   44         SH:  0    Dex: 17    Spells: 2/2 levels left

rFire   . . .      SeeInvis .    a - +0 rapier
rCold   . . .      Faith    .    (no shield)
rNeg    . . .      Spirit   +    b - +0 leather armour
rPois   .          Reflect  .    c - +0 helmet
rElec   .          Harm     .    (no cloak)
rCorr   .          Rampage  .    (no gloves)
Will    .....                    (no boots)
Stlth   +                        (no amulet)
HPRegen 0.23/turn                (no ring)
MPRegen 0.09/turn                (no ring)

@: no status effects
A: fangs 2, magic shield, antimagic bite, no potion heal 2
a: no special abilities


You were on level 2 of the Dungeon.
You visited 1 branch of the dungeon, and saw 2 of its levels.

You collected 44 gold pieces.

Inventory:

Hand Weapons
 a - a +0 rapier (weapon)
Missiles
 d - 3 throwing nets (quivered)
 e - a javelin
 i - 5 poisoned darts
Armour
 b - a +0 leather armour (worn)
 c - a +0 helmet (worn)
Jewellery
 f - a ring of ice
Scrolls
 g - a scroll of teleportation {unknown}
 j - 3 scrolls of identify {unknown}
Potions
 h - 2 potions of heal wounds {unknown}
 k - a potion of haste {unknown}
 l - 2 potions of curing {unknown}


   Skills:
 + Level 2.0 Fighting
 * Level 3.3 Short Blades
 - Level 1.7 Throwing
 + Level 0.2 Armour
 + Level 2.7 Dodging
 * Level 0.3 Spellcasting


You had 2 spell levels left.
You didn't know any spells.
Your spell library contained the following spells:

 Spells                   Type           Power      Damage    Failure   Level
 Cigotuvi's Dreadful Rot  Necr/Pois/Air  0%         N/A       61%         2
 Poisonous Vapours        Pois/Air       0%         N/A       61%         2
 Mephitic Cloud           Conj/Pois/Air  0%         N/A       83%         3


Dungeon Overview and Level Annotations

Branches:
Dungeon (2/15)

Altars:


Innate Abilities, Weirdness & Mutations

You have extremely sharp teeth.
When hurt, damage is shared between your health and your magic reserves.
Your bite disrupts and absorbs the magic of your enemies.
Potions cannot restore your health.


Message History

There is a stone staircase leading down here.
You climb downwards.
There is a stone staircase leading up here.
Found 4 stones.
Found a leather armour.
h - 2 glowing silvery potions (gained 1) 2 orc priests and 2 orcs come into view.
The orc shouts!
You hear a shout!
The orc priest shouts!
The orc priest looks encouraged for a moment.
An orc comes into view. It is wielding a +0 morningstar.
The orc moves out of view.
Found 15 gold pieces.
You see here 4 stones.
You hit the orc priest. Your bite misses the orc priest.
The orc priest is moderately wounded.
The orc priest hits you but does no damage.
You barely miss the orc priest. You bite the orc priest. You drain its power.
The orc priest is heavily wounded.
The orc priest hits you with a +0 dagger.
The orc priest hits you with a +0 short sword.
You barely miss the orc priest. Your punch misses the orc priest.
The orc priest is heavily wounded.
The orc priest casts a cantrip, but nothing happens.
The orc priest hits you with a +0 short sword.
You hit the orc priest.
You bite the orc priest, but do no damage.
The orc priest is almost dead.
The orc priest hits you with a +0 dagger.
The orc priest begins to cast a cantrip, but forgets the words!
You hit the orc priest but do no damage.
You bite the orc priest, but do no damage.
The orc priest is almost dead.
The orc priest barely misses you.
The orc priest looks braver for a moment.
You hit the orc priest.
You kill the orc priest!
The orc priest mumbles some strange prayers to Beogh against you.
Beogh smites you!
Ouch! That really hurt!
You die...

#....................
#####.............#
#.............#.#
#####o.....#........#
.......(..###.#######
....##..### #o#
....###..# #.#
#$.###...# #.#
#####....#####@# #
#.........o)#####...
#.....####.o......#
##....# #...<.###..
##..## ##...## ##.
##.## #. #.# .. #.# #
#+#


You could see an orc priest and 2 orcs.

Vanquished Creatures
  An orc priest (D:2)
  A bat (D:1)
  An endoplasm (D:1)
  A giant cockroach (D:1)
  3 goblins (D:1)
  3 hobgoblins (D:1)
  9 jackals (D:1)
  A quokka (D:1)
  2 ball pythons (D:1)
  4 frilled lizards (D:1)
  3 kobolds (D:1)
29 creatures vanquished.

Notes
Turn   | Place    | Note
-------+----------+-------------------------------------------
     0 | D:1      | jimonade the Vine Stalker Gladiator began the quest for the
                  | Orb.
     0 | D:1      | Reached XP level 1. HP: 11/11 MP: 2/2
   157 | D:1      | Reached XP level 2. HP: 15/15 MP: 3/3
   161 | D:1      | Reached skill level 3 in Short Blades
   275 | D:1      | Reached XP level 3. HP: 18/18 MP: 4/4
   622 | D:2      | Killed from afar by an orc priest

Illustrated notes

Levels and vault maps discovered:
D:1:      roderic_chinese_lattice_arrival, layout_basic
D:2:      cheibrodos_pilgrimage, layout_loops_corners, basic_altar,
          minivault_19, kennysheep_cluttered_room, dk_vineyard_3, uniq_natasha,
          uniq_terence, uniq_sigmund

Skill      XL: |  1  2 |
---------------+-------+-----
Short Blades   | 3 |  3.3
Fighting       | 2 |  2.0
Throwing       | |  1.7
Armour         | |  0.2
Dodging        | |  2.7
Spellcasting   | |  0.3

Action                     || total
---------------------------++-------
  Melee: Rapier            ||    83
         Bite              ||    29
         Punch             ||     1
   Stab: Distracted        ||     1
 Armour: Leather armour    ||    25
  Dodge: Dodged            ||    46

Table legend: (Time is in decaauts)
 A = Elapsed time spent in this place.
 B = Non-inter-level travel time spent in this place.
 C = Inter-level travel time spent in this place.
 D = Time resting spent in this place.
 E = Time spent auto-exploring this place.
 F = Levels seen in this place.
 G = Mean time per level.
                   A        B        C        D        E       F      G
               +--------+--------+--------+--------+--------+-----+--------+
         Total |    625 |    624 |      1 |     28 |    386 |   2 |  312.5 |
       Dungeon |    625 |    624 |      1 |     28 |    386 |   2 |  312.5 |
               +--------+--------+--------+--------+--------+-----+--------+

Top non-repeatable levels by time:
     D:1: 563 daAuts
     D:2: 62 daAuts
